Map: Odisseia LE

Players

Clouding

  • Race: Protoss Protoss
  • League: Gold
  • Spawn Location: 11:00

Devilofcain - Winner!

  • Race: Zerg Zerg
  • Spawn Location: 5:00

VOD

Have the link to the VOD?

Description

Time

  • Played on: Dec. 8, 2017, 7 a.m.
  • Length: 26:26
Show
View Real Time Build Order
Export as new Build Order

Clouding Protoss 

Build Orders: 1 Gate Expand 

Get SALT Encoding   

  12  0:03  Probe (Chrono Boost)  
  14  0:15  Probe (Chrono Boost)  
  15  0:22  Probe (Chrono Boost)  
  15  0:32  Pylon  
  15  0:49  Assimilator  
  16  0:50  Probe  
  16  0:56  Gateway  
  16  1:02  Probe (Chrono Boost)  
  18  1:14  Probe (Chrono Boost)  
  18  1:16  Probe (Chrono Boost)  
  19  1:28  Probe  
  19  1:31  Nexus  
  20  1:37  Assimilator  
  20  1:41  Probe  
  21  1:49  Cybernetics Core  
  21  2:00  Forge  
  21  2:07  Zealot  
  23  2:20  Pylon  
  23  2:25  Warp Gate  
  23  2:38  Probe, Pylon  
  24  2:50  Probe (Chrono Boost)  
  26  2:52  Probe (Chrono Boost)  
  26  3:02  Probe (Chrono Boost)  
  26  3:03  Probe (Chrono Boost)  
  26  3:04  Probe x2 (Chrono Boost)  
  29  3:05  Gateway  
  30  3:16  Probe  
  31  3:22  Probe  
  32  3:28  Probe  
  32  3:29  Pylon  
  32  3:33  Adept (Chrono Boost)  
  32  3:34  Probe, Pylon  
  36  3:40  Probe  
  37  3:46  Probe  
  37  3:50  Protoss Ground Weapons Level 1  
  37  3:51  Sentry (Chrono Boost)  
  37  3:53  Probe  
  40  3:58  Probe  
  40  4:01  Robotics Facility  
  41  4:05  Probe (Chrono Boost)  
  42  4:14  Probe (Chrono Boost)  
  42  4:15  Gateway  
  44  4:17  Probe (Chrono Boost)  
  44  4:21  Probe x2 (Chrono Boost)  
  46  4:24  Probe  
  48  4:31  Probe  
  48  4:33  Assimilator  
  48  4:36  Probe, Assimilator  
  49  4:53  Nexus  
  49  4:54  Pylon  
  49  4:57  Pylon  
  49  5:12  Probe x2  
  51  5:19  Photon Cannon  
  51  5:21  Photon Cannon  
  51  5:24  Photon Cannon, Probe  
  51  5:28  Shield Battery  
  52  5:31  Warp Prism  
  52  5:32  Shield Battery  
  54  5:44  Robotics Bay  
  54  5:47  Gateway, Protoss Ground Armor Level 1  
  54  5:49  Gateway  
  54  5:51  Stalker  
  54  5:54  Stalker  
  58  5:57  Stalker  
  60  6:07  Immortal  
  64  6:25  Gateway  
  64  6:28  Stargate  
  64  6:34  Twilight Council  
  64  6:35  Forge  
  64  6:43  Shield Battery  
  64  6:46  Shield Battery, Observer  
  65  6:53  Pylon  
  65  6:55  Pylon  
  65  7:02  Robotics Facility  
  65  7:07  Stargate  
  65  7:08  Pylon  
  65  7:10  Probe (Chrono Boost), Pylon  
  65  7:11  Probe (Chrono Boost), Pylon  
  65  7:13  Probe (Chrono Boost)  
  68  7:15  Pylon  
  68  7:19  Pylon  
  68  7:21  Probe x3 (Chrono Boost), Protoss Ground Weapons Level 2  
  71  7:28  Colossus  
  77  7:48  Probe x2  
  77  7:49  Probe  
  80  7:54  Zealot  
  80  7:55  Adept x2  
  80  7:56  Adept x2  
  80  7:57  Adept  
  92  8:05  Probe x3  
  95  8:17  Probe x2, Adept x3  
  95  8:18  Probe, Adept x2  
  95  8:19  Adept  
  110  8:22  Observer  
  111  8:29  Probe  
  112  8:47  Adept x4  
  112  8:48  Adept x2  
  100  9:01  Resonating Glaives  
  100  9:06  Colossus x2  
  112  9:12  Adept  
  112  9:13  Adept  
  112  9:14  Adept x3  
  112  9:15  Adept  
  122  9:44  Adept x2  
  122  9:45  Adept x2  
  106  9:46  Adept x2  
  112  9:56  Gateway  
  112  9:58  Probe x3, Gateway  
  115  10:02  Gateway  
  115  10:05  Gateway  
  103  10:07  Gateway  
  103  10:10  Probe x2  
  103  10:11  Probe  
  103  10:13  Gateway  
  106  10:20  Protoss Ground Armor Level 2, Protoss Ground Weapons Level 3  
  106  10:24  Adept x3  
  106  10:25  Adept x2  
  106  10:27  Adept  
  118  10:40  Assimilator  
  118  10:41  Charge  
  118  10:43  Assimilator  
  118  10:47  Colossus  
  118  10:48  Colossus, Pylon  
  130  10:50  Pylon  
  130  10:55  Phoenix x2  
  134  10:59  Nexus  
  134  11:02  Pylon  
  134  11:04  Pylon  
  134  11:06  Pylon  
  134  11:14  Adept x3  
  134  11:15  Adept x3  
  134  11:16  Adept x3  
  134  11:17  Adept x2  
  134  11:18  Adept  
  158  11:20  Phoenix x2  
  138  11:56  Sentry x2  
  138  11:57  Sentry  
  144  12:04  Stalker  
  146  12:19  Photon Cannon  
  146  12:22  Photon Cannon  
  144  12:24  Photon Cannon  
  144  12:26  Photon Cannon  
  144  12:29  Sentry  
  146  12:30  Sentry x2, Pylon  
  146  12:31  Sentry x2  
  146  12:32  Sentry  
  146  12:34  Zealot  
  146  12:35  Zealot x3  
  146  12:36  Zealot  
  166  12:59  Assimilator  
  166  13:01  Assimilator  
  166  13:03  Shield Battery, Sentry  
  166  13:05  Protoss Shields Level 1, Protoss Ground Armor Level 3  
  168  13:07  Shield Battery  
  168  13:11  Zealot  
  168  13:12  Zealot x2  
  174  13:13  Zealot x3  
  174  13:14  Zealot x2, Warp Prism  
  174  13:15  Zealot  
  186  13:23  Observer  
  189  13:35  Observer  
  189  13:39  Extended Thermal Lance (Chrono Boost)  
  189  13:48  Observer  
  127  14:36  Stalker  
  127  14:37  Stalker x2  
  127  14:38  Stalker x4  
  129  14:39  Stalker x2  
  129  14:41  Stalker  
  129  14:42  Stalker  
  133  14:51  Phoenix x2  
  137  14:59  Stalker  
  139  15:16  Phoenix x2  
  143  15:22  Protoss Shields Level 2  
  143  15:41  Phoenix (Chrono Boost)  
  147  15:42  Phoenix (Chrono Boost)  
  151  16:06  Phoenix x2 (Chrono Boost)  
  151  16:09  Stalker x4  
  151  16:10  Stalker x5  
  169  16:11  Stalker  
  169  16:21  Phoenix x2  
  101  17:12  Phoenix  
  101  17:13  Phoenix  
  101  17:22  Colossus x2  
  113  17:26  Zealot  
  113  17:27  Zealot x5  
  113  17:28  Zealot x3  
  113  17:29  Zealot x2  
  123  17:50  Void Ray x2  
  117  17:53  Stalker x3  
  117  17:55  Stalker x2  
  117  17:57  Zealot  
  117  17:58  Zealot  
  119  18:03  Nexus  
  119  18:05  Pylon  
  119  18:09  Assimilator  
  119  18:12  Assimilator  
  119  18:15  Colossus (Chrono Boost), Assimilator  
  131  18:24  Colossus (Chrono Boost)  
  131  18:26  Void Ray x2  
  139  18:36  Photon Cannon  
  139  18:38  Photon Cannon  
  139  18:40  Photon Cannon  
  139  18:49  Stalker  
  139  18:51  Stalker x2  
  139  18:54  Sentry  
  139  18:55  Sentry x2  
  151  18:56  Sentry x2  
  155  19:05  Void Ray  
  155  19:09  Colossus (Chrono Boost)  
  165  19:11  Protoss Shields Level 3  
  165  19:13  Protoss Air Weapons Level 1  
  165  19:53  Nexus  
  165  19:56  Colossus, Pylon  
  165  19:58  Pylon  
  171  20:00  Colossus  
  177  20:08  Void Ray  
  181  20:31  Photon Cannon  
  181  20:35  Photon Cannon  
  181  20:37  Shield Battery  
  181  20:40  Shield Battery  
  181  20:43  Pylon  
  181  20:50  Templar Archives  
  181  20:51  Pylon  
  180  21:13  Stalker x3  
  180  21:14  Stalker  
  180  21:15  Nexus, Sentry x2  
  180  21:16  Sentry  
  180  21:17  Sentry x2  
  198  21:19  Pylon  
  198  21:22  Pylon  
  198  21:24  Protoss Air Armor Level 1  
  198  21:37  Fleet Beacon  
  83  22:34  Void Ray x2  
  77  22:37  Stalker x2  
  77  22:38  Stalker x3  
  77  22:39  Stalker x3  
  77  22:40  Stalker  
  77  22:41  Stalker  
  77  22:44  High Templar  
  95  23:04  High Templar  
  95  23:05  High Templar x3  
  103  23:06  High Templar  
  99  23:17  Void Ray x2  
  77  23:38  High Templar x2  
  77  23:41  Zealot x3  
  79  23:42  Zealot  
  79  23:43  Zealot x2  
  79  23:47  Archon  
  79  24:00  Void Ray  
  77  24:23  Zealot x2  
  77  24:24  Zealot x2  
  65  25:12  Gateway  
  65  25:16  Gateway  
  65  25:18  Gateway  
  65  25:21  Gateway  
  51  25:52  Nexus  
  51  25:55  Pylon  
  51  25:57  Pylon  
  51  25:59  Pylon  
  51  26:03  Probe x3  
  54  26:15  Cybernetics Core  
  54  26:17  Assimilator  
Show
View Real Time Build Order
Export as new Build Order

Devilofcain Zerg - Winner!

Build Orders: Hatch First 

Get SALT Encoding   

  12  0:09  Drone x2  
  14  0:16  Overlord  
  14  0:41  Drone  
  15  0:48  Hatchery  
  14  0:50  Drone  
  14  0:53  Drone  
  16  1:10  Spawning Pool  
  15  1:24  Drone  
  16  1:26  Drone  
  16  1:29  Extractor  
  16  1:32  Drone  
  17  1:37  Extractor  
  17  1:38  Drone  
  17  1:51  Drone  
  18  1:58  Overlord  
  18  2:10  Queen  
  18  2:12  Queen  
  18  2:13  Drone x2  
  24  2:19  Drone  
  24  2:21  Metabolic Boost  
  25  2:24  Zergling x2  
  25  2:28  Zergling x2  
  27  2:37  Zergling x4  
  27  2:42  Overlord  
  29  2:57  Drone  
  29  2:58  Drone  
  31  3:06  Drone  
  32  3:17  Drone  
  33  3:25  Drone x2  
  35  3:27  Hatchery, Drone  
  35  3:36  Baneling Nest  
  35  3:39  Drone x2  
  36  4:00  Lair  
  36  4:03  Drone x3  
  36  4:05  Drone  
  36  4:06  Drone x3  
  43  4:39  Queen  
  43  4:40  Drone  
  46  4:52  Drone  
  47  5:10  Infestation Pit  
  47  5:11  Drone x2  
  48  5:24  Zergling x4  
  48  5:26  Hatchery, Overlord x3  
  48  5:27  Zergling x2  
  50  6:03  Baneling x3  
  50  6:04  Baneling x7  
  50  6:06  Burrow  
  50  6:14  Zergling x6  
  50  6:15  Zergling x12  
  50  6:16  Zergling x12  
  50  6:17  Zergling x8  
  69  6:29  Evolution Chamber  
  68  6:35  Spire  
  67  6:44  Baneling x5  
  67  6:45  Baneling x2  
  67  7:09  Queen  
  67  7:10  Drone x3  
  67  7:13  Drone x3  
  76  7:15  Zergling x4  
  76  7:16  Zergling x6  
  76  7:18  Overlord  
  79  8:10  Hive  
  79  8:13  Baneling x7  
  79  8:14  Baneling x10  
  79  8:19  Zerg Melee Weapons Level 1  
  62  8:59  Centrifical Hooks  
  62  9:08  Drone x5  
  67  9:11  Baneling x4  
  67  9:12  Baneling x7  
  67  9:13  Zergling x2  
  67  9:14  Zergling x12  
  67  9:15  Zergling x14  
  66  9:49  Greater Spire  
  66  9:53  Corruptor  
  61  10:13  Queen  
  63  10:22  Extractor  
  63  10:25  Extractor  
  61  10:28  Extractor  
  61  10:30  Zergling x10, Extractor  
  61  10:31  Zergling x14  
  71  10:48  Baneling x4  
  71  10:49  Baneling x6  
  71  10:50  Baneling x2  
  71  10:51  Zergling x8  
  71  10:53  Zergling x6  
  78  10:57  Baneling x3  
  78  11:02  Baneling  
  78  11:17  Zergling x2  
  78  11:18  Zergling x14  
  84  11:19  Zergling x2, Overlord x2  
  84  11:20  Overlord x3  
  79  11:46  Corruptor x3  
  83  12:04  Baneling x4  
  83  12:05  Baneling  
  82  13:02  Drone x2  
  82  13:03  Drone x2  
  82  13:04  Corruptor x2  
  82  13:05  Corruptor x2  
  94  13:10  Brood Lord x3  
  100  13:20  Ultralisk Cavern  
  94  13:59  Zergling x8  
  94  14:00  Zergling x8  
  102  14:05  Baneling  
  102  14:06  Baneling x2  
  83  14:26  Zergling x8  
  83  14:27  Zergling x6  
  74  14:36  Ultralisk x2  
  74  14:37  Ultralisk x2  
  98  14:49  Ultralisk  
  98  14:51  Zergling x14  
  111  15:02  Drone  
  112  15:08  Extractor  
  112  15:14  Zerg Flyer Weapons Level 1  
  111  15:16  Chitinous Plating  
  111  15:19  Zergling x2  
  111  15:20  Zergling x14  
  119  15:29  Baneling x3  
  119  15:30  Baneling x7  
  119  15:31  Baneling x6  
  119  15:34  Corruptor  
  119  15:35  Hatchery  
  120  15:50  Drone x2  
  122  16:04  Corruptor x2  
  122  16:05  Corruptor  
  123  16:32  Zergling x4  
  107  16:33  Zergling x14  
  107  16:34  Zergling x8  
  107  16:35  Corruptor x4  
  107  16:36  Corruptor x3  
  111  16:48  Corruptor  
  111  16:52  Corruptor x2  
  105  17:17  Corruptor x4  
  111  17:26  Corruptor x2  
  93  17:57  Corruptor x2  
  93  17:58  Corruptor x2  
  101  18:08  Queen  
  101  18:09  Drone x3  
  101  18:12  Drone x2  
  108  18:13  Drone  
  108  18:15  Extractor  
  108  18:17  Extractor  
  107  18:26  Drone x3  
  110  18:34  Zerg Melee Weapons Level 2  
  110  18:38  Ultralisk  
  116  19:16  Overlord x5  
  116  19:17  Overlord x4  
  116  19:18  Zergling x2, Overlord  
  117  19:35  Brood Lord x3  
  117  19:36  Brood Lord x4  
  131  19:41  Ultralisk  
  137  20:13  Zergling x8  
  137  20:14  Zergling x4, Overlord  
  143  20:15  Zergling x2, Corruptor  
  143  20:16  Ultralisk x2  
  143  20:17  Corruptor  
  160  20:35  Baneling x4  
  160  20:36  Baneling x6  
  160  20:37  Baneling x2  
  160  20:38  Baneling x4  
  160  20:42  Overseer  
  160  20:50  Zerg Ground Armor Level 1  
  160  21:07  Corruptor x3  
  160  21:09  Zergling x4  
  168  21:11  Zergling x6  
  168  21:12  Zergling x14  
  168  21:13  Zergling x12  
  168  21:14  Zergling x6  
  168  21:15  Zergling x12  
  193  21:33  Drone  
  134  22:33  Zergling x16  
  134  22:34  Viper x2, Zergling x8  
  134  22:35  Viper  
  147  22:43  Brood Lord  
  147  22:44  Brood Lord x3  
  133  23:23  Drone  
  133  23:24  Drone, Corruptor x5  
  133  23:25  Corruptor x5  
  140  24:10  Zergling x14  
  140  24:11  Zergling x16  
  141  24:34  Brood Lord x3  
  141  24:35  Brood Lord x2  
  141  24:38  Drone x2  
  149  24:49  Zergling x12  
  149  24:50  Zergling x2  
  142  25:22  Zergling x14  
  142  25:23  Ultralisk  
  142  25:24  Zergling x2  
  142  25:27  Drone  
  161  26:16  Hatchery  
Tags
 
Add a new tag
Caveats
  • Supply blocks, unpowered buildings, or Contaminate may cause inaccurate times.
  • Supply counts are checked every 10 seconds.